[Event "5th Sharjah Masters 2022"]
[Site "Sharjah"]
[Date "2022.05.25"]
[Round "5.18"]
[White "Fedoseev, Vladimir"]
[Black "Adly, Ahmed"]
[Result "1-0"]
[ECO "B96"]
[WhiteElo "2701"]
[BlackElo "2596"]
[Annotator "TA"]
[PlyCount "71"]
[EventDate "2022.05.21"]
[EventType "swiss"]
[EventCountry "UAE"]
[SourceTitle "playchess.com"]
[Source "ChessBase"]
[SourceQuality "1"]
[TimeControl "5400+30"]

1. e4 c5 2. Nf3 d6 3. d4 cxd4 4. Nxd4 Nf6 5. Nc3 a6 6. Bg5 e6 7. f4 Qc7 8. Bxf6 gxf6 9. Be2 {[%emt 0:02:39] Recently 9.Qf3 got a lot of attention.} Nc6 {[%emt 0:00:48] B96: Sicilian Najdorf: 6 Bg5 e6 7 f4, lines other than 7...Qb6 and 7...Be7.} 10. Qd3 Nxd4 11. Qxd4 Qc5 {[%emt 0:00:05] White has an edge.} 12. Qd3 $5 {[%emt 0:09:33][%mdl 4] Leaves trodden paths.} Bd7 13. O-O-O O-O-O 14. Kb1 Kb8 15. Rhf1 {[%emt 0:00:19][%cal Bh1f1,Bf1f3,Bf3g3,Bg3g7][%mdl 32] [#]} Rc8 $146 ({Predecessor:} 15... h5 16. a3 Rc8 17. Bf3 Rc7 18. h4 Bh6 19. Be2 Bf8 20. Qd4 Be7 21. Qd3 {½-½ (21) Barash,D-Kopylov,I USSR 1986}) 16. f5 Qe5 17. Bh5 Be8 18. Qh3 Be7 19. Rf3 Bd8 20. Qg3 Qxg3 21. Rxg3 Rc5 22. Rg7 (22. Rxd6 Bc7 23. Rgd3 Bxd6 24. Rxd6 exf5 $17) 22... exf5 23. Bf3 (23. Bxf7 Rc7 24. Rg8 Rxg8 25. Bxg8 Rg7 $15) 23... h5 {[%emt 0:08:11] [#]} (23... Be7 $11 {remains equal.}) 24. exf5 $1 $16 (24. Rxd6 $6 Be7 25. Rb6 Bf8 $15) 24... Rxf5 25. Ne4 $36 {[%emt 0:00:10][%mdl 2048] Inhibits Rg5. White is more active. White is much more active.} (25. Rxd6 Bc7 26. Rd5 Re5 $11) 25... Rg5 $2 {[%emt 0:15:10] This costs Black the game.} 26. Nxg5 $18 fxg5 27. Rxd6 Bc7 28. Rd1 g4 29. Bd5 Be5 30. Rg5 (30. Bxf7 Bxg7 31. Rd8+ Kc7 32. Rxe8 Rxe8 33. Bxe8 h4 $14) 30... Bxh2 31. Rh1 g3 32. Re1 Bd7 33. Re7 ({Don't play} 33. Bxf7 $6 Bc6 $18) 33... Rd8 34. Rxh5 Bh3 (34... f5 $142 35. c4 Bc8) 35. Rxb7+ ({Less strong is} 35. gxh3 g2 36. Re1 (36. Rxb7+ $2 Kc8 $19) 36... g1=Q 37. Rxg1 Bxg1 $16) 35... Kc8 36. Bf3 {[%emt 0:00:23] Weighted Error Value: White=0.06 (flawless) /Black=0.29 (precise)} 1-0

[Event "5th Sharjah Masters 2022"]
[Site "Sharjah"]
[Date "2022.05.25"]
[Round "5.20"]
[White "Kadric, Denis"]
[Black "Jumabayev, Rinat"]
[Result "1/2-1/2"]
[ECO "B12"]
[WhiteElo "2576"]
[BlackElo "2628"]
[Annotator "TA"]
[PlyCount "77"]
[EventDate "2022.05.21"]
[EventType "swiss"]
[EventCountry "UAE"]
[SourceTitle "playchess.com"]
[Source "ChessBase"]
[SourceQuality "1"]
[TimeControl "5400+30"]

1. e4 c6 2. d4 d5 3. e5 c5 4. Nf3 cxd4 5. Qxd4 Nc6 6. Qf4 {[%emt 0:00:02] B12: Caro-Kann: Advance Variation.} e6 7. Nc3 Nb4 8. Bd3 {[%emt 0:00:05] The position is equal.} Bd7 9. Bd2 {[%emt 0:02:20] [#]} Rc8 $146 ({Predecessor:} 9... h6 10. h4 Nxd3+ 11. cxd3 Ne7 12. h5 Nc6 13. Nb5 a6 14. Nd6+ Bxd6 15. exd6 Qf6 16. d4 Qxf4 17. Bxf4 f6 18. Kd2 Kf7 19. Rac1 Rhc8 20. Rc3 {½-½ (20) Parvanyan,A (2453)-Khenkin,I (2540) Kiel 2021}) 10. O-O (10. Ng5 Nxd3+ 11. cxd3 Nh6 $15) 10... Nh6 11. Nd4 Bc5 12. Nce2 {[%emt 0:02:53] Strongly threatening Bxb4.} Nxd3 13. cxd3 f6 14. Qg3 $1 Nf7 15. Qxg7 {[%emt 0:02:21] Threatens to win with Nf3. White is more active.} fxe5 16. Nf3 ({White should play} 16. Nb3 $1 $14) 16... Bf8 $11 17. Qg4 Qf6 18. d4 e4 19. Ne5 Rc2 20. Rad1 Nxe5 21. dxe5 Qg6 $36 {[%emt 0:00:06][%mdl 2048] Black is really pushing.} ({Reject} 21... Qxe5 $6 22. Bc3 Rxc3 23. Nxc3 $11) 22. Qh3 Rg8 $1 ({Of course not} 22... Rxb2 $6 23. Qc3 Rb6 24. Qa5 $11) 23. Nf4 Qg4 24. Qxh7 $2 {[%emt 0:02:38] [#]} (24. Qxg4 $17 Rxg4 25. h3) 24... Rxd2 $1 $19 {[%emt 0:00:36][%mdl 576] Remove Defender} 25. Rxd2 {[%emt 0:00:01][%cal Od2c2] And now Rc2! would win.} Qxf4 26. Qxg8 Qxd2 27. f3 $2 (27. Qg6+ Kd8 28. Qg8) 27... e3 28. Qg6+ Kd8 29. Qg8 Ke8 30. Qg6+ Kd8 {[%emt 0:00:03] ( -> ...e2)} 31. Qg8 Qb4 {[%emt 0:00:07] aiming for ...e2.} 32. Rc1 e2 33. Kf2 {[%emt 0:00:02] Against e1Q+} Bb5 34. a4 Qd4+ (34... Qh4+ $142 35. g3 Qxh2+ 36. Ke3 d4+ 37. Kxd4 Qf2+ 38. Ke4 e1=Q+ 39. Rxe1 Qxe1+ 40. Kf4 Qb4+ 41. Ke3 Bxa4) 35. Kg3 Qxe5+ 36. Kf2 {[%emt 0:00:00] [#]} Qd4+ $1 37. Kg3 Qe5+ $2 (37... Qb4 $19 38. axb5 e1=B+ 39. Rxe1 Qxe1+ 40. Kh3 Ke8) 38. Kf2 $11 {[%emt 0:00:01] Dancing on a razor blade.} Qg7 (38... e1=B+ $11 {and Black is okay.} 39. Rxe1 Qd4+ 40. Kg3 Qb4 41. Rxe6 Bxa4) 39. Qxg7 {[%emt 0:03:01][%mdl 32768] Never resign too early!  Weighted Error Value: White=0.74/Black=0.68. An unexpected result.} 1/2-1/2

[Event "5th Sharjah Masters 2022"]
[Site "Sharjah"]
[Date "2022.05.25"]
[Round "5.21"]
[White "Ivic, Velimir"]
[Black "Sanal, Vahap"]
[Result "0-1"]
[ECO "D38"]
[WhiteElo "2623"]
[BlackElo "2575"]
[Annotator "TA"]
[PlyCount "142"]
[EventDate "2022.05.21"]
[EventType "swiss"]
[EventCountry "UAE"]
[SourceTitle "playchess.com"]
[Source "ChessBase"]
[SourceQuality "1"]
[TimeControl "5400+30"]

1. d4 Nf6 2. c4 e6 3. Nf3 d5 4. Nc3 Bb4 5. Qa4+ Nc6 6. e3 O-O 7. Qc2 {[%emt 0:00:40] D38: Queen's Gambit Declined: Ragozin Defence (4 Nf3 Bb4).} Re8 8. Bd2 Bf8 {[%emt 0:04:15] The main line 8...Bf8 scores better than 8...a6.} 9. a3 {[%emt 0:00:38] The position is equal.} e5 10. dxe5 (10. Nxe5 {feels hotter.} Nxe5 11. dxe5 Rxe5 12. cxd5 Bf5 13. Bd3) 10... Nxe5 11. cxd5 Nxf3+ 12. gxf3 Nxd5 13. O-O-O a5 14. Nxd5 (14. Rg1 {is more complex.} Nb4 15. axb4 axb4 16. Nb1) 14... Qxd5 15. Bd3 g6 16. h4 {[%emt 0:08:43][%cal Bh2h4,Bh4h5,Bh5h6][%mdl 32] [#]} Qc5 $146 ({Predecessor:} 16... Be6 17. Bc3 Qb3 18. Be4 Qxc2+ 19. Kxc2 c6 20. h5 Bg7 21. Bxg7 Kxg7 22. h6+ Kf6 {1-0 (48) Vogel,R (2447)-Donchenko,A (2636) Germany 2022}) 17. Qxc5 Bxc5 18. h5 {[%emt 0:00:11] And now hxg6 would win.} Bf8 19. h6 Be6 20. Bc3 Red8 (20... Bb3 {seems wilder.} 21. Bc2 a4 22. Rd7 Bxc2 23. Kxc2 Re7) 21. Be4 Rxd1+ 22. Kxd1 c6 23. Bf6 a4 24. Ke2 Re8 25. Bd3 {[%emt 0:02:18] Prevents Bc4.} Bb3 26. f4 $1 Re6 27. Bc3 f5 28. Be5 Kf7 29. f3 $1 Re8 30. e4 Be6 31. Bc2 Ra8 32. Rd1 fxe4 (32... Bxh6 $2 33. Rh1 Bc4+ 34. Ke3 $18) 33. Bxe4 Be7 (33... Bxh6 $2 34. Rh1 Bg7 35. Rxh7 $18) 34. Rg1 Rd8 35. Bd3 {[%emt 0:01:53][%cal Of4f5] Prevents Bc4.} Bd5 36. Rg3 Bh4 37. Rh3 Be7 38. Rg3 Bh4 39. Rh3 Bf6 40. Bxf6 Kxf6 $11 {[%emt 0:00:02][%mdl 4096] Endgame KRB-KRB} 41. Rg3 Rd7 42. Ke3 Re7+ 43. Be4 Be6 44. Rg1 Rd7 45. Rc1 Rd8 46. Rc5 Ra8 {[%emt 0:01:00] Against Ra5} 47. Rc2 Ra5 48. Rd2 Ke7 49. Rd4 Bc8 50. Rb4 Kd6 51. f5 gxf5 52. Bc2 Re5+ 53. Kf4 Re6 54. Rd4+ (54. Rxa4 $11 {might be stronger.} Rxh6 55. Rd4+ Kc7 56. Rd2) 54... Kc7 $1 $15 55. Bxa4 (55. Rxa4 $142 Rxh6 56. Kg3) 55... Rxh6 $17 {[%emt 0:00:04] White must now prevent ...c5.} 56. Ke5 Rh2 {[%emt 0:00:38] Against Rd2} 57. b4 {[%emt 0:00:15] [#]} Ra2 (57... h5 $142 $1 58. Bb3 Rf2) 58. Rh4 (58. Rd3 $17 {is a better defense.}) 58... Rxa3 $19 59. Rxh7+ Kb6 60. Bd1 Rd3 61. Ba4 (61. Bc2 $142 Rxf3 62. Rh8) 61... Rxf3 {[%emt 0:00:33] Hoping for ...Re3+.} 62. Rh8 (62. Rh4 $142) 62... Re3+ 63. Kd4 Re4+ 64. Kc3 Be6 {[%emt 0:00:08] [#] aiming for ...Rc4+.} 65. Rh6 $2 (65. Bc2 Rc4+ 66. Kd2) 65... Bd5 {[%emt 0:01:03] Black is clearly winning.} 66. Bc2 Rc4+ 67. Kd2 Be4 68. Bb3 Rxb4 69. Kc3 Kc5 70. Rh7 Rb5 71. Re7 Bd5 {[%emt 0:02:23] Weighted Error Value: White=0.08 (flawless) /Black=0.07 (flawless)} 0-1

[Event "5th Sharjah Masters 2022"]
[Site "Sharjah"]
[Date "2022.05.25"]
[Round "5.22"]
[White "Aryan Chopra"]
[Black "Badelka, Olga"]
[Result "1-0"]
[ECO "C54"]
[WhiteElo "2609"]
[BlackElo "2453"]
[Annotator "TA"]
[PlyCount "69"]
[EventDate "2022.05.21"]
[EventType "swiss"]
[EventCountry "UAE"]
[SourceTitle "playchess.com"]
[Source "ChessBase"]
[SourceQuality "1"]
[TimeControl "5400+30"]

1. e4 e5 2. Nf3 Nc6 3. Bc4 Bc5 4. c3 Nf6 5. d3 O-O 6. O-O d5 7. exd5 Nxd5 8. Re1 Bg4 9. Nbd2 {[%emt 0:00:19] C54: Giuoco Piano: 4 c3 Nf6, main lines with 5 d4 and 5 d3.} Nb6 10. h3 Bh5 11. Bb3 $1 {[%emt 0:00:23][%mdl 4] The position is equal. is now more promising than 11.Bb5.} Kh8 12. Ne4 Be7 13. Ng3 Bg6 (13... Bxf3 $14 14. Qxf3 f5) 14. Nxe5 $16 Nxe5 15. Rxe5 Bd6 {[%emt 0:00:15] [#]} 16. Re1 $146 {[%emt 0:03:08] White is more active.} ({Predecessor:} 16. Re3 f5 17. Re1 Qh4 18. Nf1 Rae8 19. Rxe8 Bxe8 20. f3 Bc6 21. Be3 Nd5 22. Bxd5 Bxd5 {1-0 (39) Michiels,B (2489)-Ris,R (2418) Amsterdam 2011}) 16... Bxg3 17. fxg3 Bxd3 (17... a5 $16) 18. Qf3 {[%emt 0:07:41] [#] Black must now prevent Rd1.} c5 19. Qxb7 c4 20. Bd1 Re8 (20... a5 $142 21. Qf3 Nd5) 21. Rxe8+ $18 Qxe8 {[%emt 0:00:04] [#]} 22. Bf3 $1 {[%emt 0:00:06][%cal Oa2a4] Strongly threatening a4!} f5 23. Bf4 Be4 24. Bxe4 $40 {[%emt 0:00:08][%mdl 128] White has strong attack.} Qxe4 25. Qxe4 fxe4 {[%emt 0:00:04][%mdl 4096] Endgame KRB-KRN} 26. Rd1 Na4 27. Rd2 h6 28. Kf2 Nc5 29. Ke3 g5 (29... Nd3 $142 30. Kxe4 Rd8) 30. Be5+ Kh7 31. Bd4 Nd3 32. Kxe4 Rb8 33. b4 {[%emt 0:02:33] White is clearly winning.} cxb3 34. axb3 ({Stronger than} 34. Rxd3 b2 35. Rd1 b1=Q+ 36. Rxb1 Rxb1 $11) 34... Nc1 35. b4 {[%emt 0:00:04] Black got outplayed after the opening.  Weighted Error Value: White=0.05 (flawless) /Black=0.24 (precise)} 1-0

[Event "5th Sharjah Masters 2022"]
[Site "Sharjah"]
[Date "2022.05.25"]
[Round "5.23"]
[White "Haznedaroglu, Kivanc"]
[Black "Hovhannisyan, Robert"]
[Result "0-1"]
[ECO "B18"]
[WhiteElo "2425"]
[BlackElo "2607"]
[Annotator "TA"]
[PlyCount "116"]
[EventDate "2022.05.21"]
[EventType "swiss"]
[EventCountry "UAE"]
[SourceTitle "playchess.com"]
[Source "ChessBase"]
[SourceQuality "1"]
[TimeControl "5400+30"]

1. e4 c6 2. d4 d5 3. Nc3 dxe4 4. Nxe4 Bf5 5. Ng3 Bg6 6. h4 h6 7. Nh3 e6 8. Nf4 Bh7 9. Bc4 Nf6 10. Be3 {[%emt 0:08:04] B18: Classical Caro-Kann: 4...Bf5 sidelines.} Nbd7 11. Qe2 Nb6 12. Bd3 {[%emt 0:03:03] The position is equal.} Bxd3 13. Qxd3 Nbd5 14. Nxd5 cxd5 15. O-O-O Bd6 16. Ne2 Qc7 17. f3 {[%emt 0:00:20] [#]} O-O-O $146 (17... Qc4 $5 ) ({Predecessor:} 17... Ke7 18. Qd2 Rac8 {½-½ (18) Opdahl,A (1871)-Garberg,T (1914) Lillehammer 2013}) 18. h5 Kb8 19. Kb1 Rc8 20. g4 Nd7 21. Bc1 Ka8 22. Rhg1 Qa5 23. Bd2 Qd8 24. Rc1 Qe7 25. c4 dxc4 26. Rxc4 Rxc4 27. Qxc4 Nb6 28. Qd3 Qd7 29. Rc1 Bb8 30. Qe4 Nd5 31. Nc3 f5 32. gxf5 Nxc3+ (32... Nf6 {is interesting.} 33. Qxe6 Qxd4 34. Rc2 Qd3) 33. Bxc3 exf5 34. Qd3 Qf7 35. Rg1 Rd8 36. a3 Rd7 37. Rg6 Qd5 38. Qe2 f4 39. Qe4 Qxh5 {[%emt 0:00:52][%cal Od7e7] White must now prevent ...Re7!} 40. a4 $2 {[%emt 0:00:33][%mdl 8192] [#] Black keeps a firm grip on the game.} (40. d5 $11) 40... Re7 $3 $19 41. Qxe7 Qxg6+ {[%emt 0:00:04][%mdl 4096] Endgame KQB-KQB} 42. Ka2 Qc6 43. Qxg7 Qxa4+ 44. Kb1 Qd1+ 45. Ka2 Qxf3 46. Qxh6 Qd5+ 47. Ka1 Qg2 {[%emt 0:00:14] Prevents Qh3.} 48. Qh4 (48. Be1 $142 Qg1 49. Qh4) 48... Qg3 49. Be1 Qxh4 50. Bxh4 {[%emt 0:00:09] KB-KB} b5 51. d5 Kb7 {[%emt 0:00:34] ( -> ...Kc7)} 52. Ka2 Kc7 {[%emt 0:00:46] Black mates.} 53. Kb3 Kd6 54. Kb4 a6 55. Ka5 Kxd5 56. Kxa6 Kc6 57. b4 Be5 58. Bf2 Bc3 {[%emt 0:00:11] Weighted Error Value: White=0.65/Black=0.03 (flawless)} 0-1

[Event "5th Sharjah Masters 2022"]
[Site "Sharjah"]
[Date "2022.05.25"]
[Round "5.24"]
[White "Buksa, Nataliya"]
[Black "Aravindh, Chithambaram VR."]
[Result "0-1"]
[ECO "B22"]
[WhiteElo "2406"]
[BlackElo "2606"]
[Annotator "TA"]
[PlyCount "60"]
[EventDate "2022.05.21"]
[EventType "swiss"]
[EventCountry "UAE"]
[SourceTitle "playchess.com"]
[Source "ChessBase"]
[SourceQuality "1"]
[TimeControl "5400+30"]

1. e4 c5 2. c3 e6 3. d4 d5 4. exd5 Qxd5 5. Nf3 Nf6 6. Na3 Qd8 7. Nc4 Be7 $1 {[%emt 0:01:54][%mdl 4] is now more promising than 7...Nc6. B22: Sicilian: 2 c3.} 8. Bd3 O-O 9. O-O b6 {[%emt 0:00:22] White is slightly better.} 10. Qe2 Bb7 {[%emt 0:00:58] [#]} 11. Bf4 $146 ({Predecessor:} 11. Rd1 Nbd7 12. dxc5 Bxc5 13. Bf4 Qc8 14. a4 Re8 15. Nd6 Bxd6 16. Bxd6 e5 17. Bf5 {1-0 (55) Sahin,O (2164)-Aytekin,M (2063) Nis 2017}) 11... cxd4 12. Nxd4 Qd5 {[%emt 0:00:34][%csl Gb7][%cal Rd5g2] [#]} 13. Ne3 Qc5 14. Nc4 (14. Rfd1 $14 {feels stronger.}) 14... Nbd7 (14... Qd5 $11 {deserves consideration.} 15. Nf3 Qh5) 15. Rad1 Qd5 16. f3 Rad8 17. b4 Qh5 18. Rfe1 (18. Nd6 $16 Bxd6 19. Bxd6) 18... Nd5 $11 19. Bd2 Ba8 20. g3 (20. Be4 $11) 20... Bf6 {[%emt 0:02:08][%cal Od5b4] aiming for ...Nxb4!} (20... Rc8 $5 ) 21. a3 b5 $36 {[%emt 0:06:31][%mdl 2048] Black is pushing.} 22. Nb2 (22. Nxb5 $2 N5b6 23. Nxb6 (23. Nxa7 $2 Nxc4 24. g4 Qh3 $19) 23... Bxf3 $19) 22... Rc8 23. Bxb5 {[%emt 0:02:57] Loses the game.} (23. f4 $17 Qxe2 24. Nxe2) 23... Rxc3 $19 24. Nxe6 ({Much weaker is} 24. Bxc3 Nxc3 25. Qe3 Nxd1 26. Rxd1 Bxd4 27. Rxd4 Qxb5 $19) (24. Qf2 Rxa3 25. g4 (25. Bxd7 $2 Nb6 $19)) 24... fxe6 25. Qxe6+ Kh8 {[%emt 0:00:08] ( -> ...Bd4+)} 26. Be2 Bd4+ 27. Kg2 {[%emt 0:00:16] [#]} Rcxf3 $1 {[%emt 0:00:49] Black mates.} 28. Bxf3 (28. h4 Rxg3+) 28... Qxf3+ 29. Kh3 Nf4+ 30. Bxf4 Qh5# {[%emt 0:00:05] Weighted Error Value: White=0.87/Black=0.17 (very precise)} 0-1

[Event "5th Sharjah Masters 2022"]
[Site "Sharjah"]
[Date "2022.05.25"]
[Round "5.25"]
[White "Aziz, Husain"]
[Black "Can, Emre"]
[Result "0-1"]
[ECO "D85"]
[WhiteElo "2379"]
[BlackElo "2599"]
[Annotator "TA"]
[PlyCount "96"]
[EventDate "2022.05.21"]
[EventType "swiss"]
[EventCountry "UAE"]
[SourceTitle "playchess.com"]
[Source "ChessBase"]
[SourceQuality "1"]
[TimeControl "5400+30"]

1. d4 Nf6 2. c4 g6 3. Nc3 d5 4. cxd5 Nxd5 5. e4 Nxc3 6. bxc3 Bg7 7. Nf3 c5 8. h3 O-O 9. Be2 b6 10. O-O {[%emt 0:01:43] D85: Exchange Grünfeld: Unusual White 7th moves and lines with 7 Nf3.} Bb7 11. Qd3 Qc7 $5 {[%emt 0:07:19][%mdl 4] A promising side line.} 12. Bg5 {[%emt 0:09:02] The position is equal.} Nd7 {[%emt 0:06:48] [#]} 13. d5 $146 ({Of course not} 13. Bxe7 Rfe8 14. Bg5 Bxe4 $11) ({Predecessor:} 13. Rac1 h6 14. Bxe7 Rfe8 15. d5 Ne5 16. Nxe5 Qxe7 17. Nc6 Bxc6 18. dxc6 Rac8 19. Qf3 Rxc6 {½-½ (26) Straka,V (2341)-Votava,J (2522) Czech Republic 2017}) 13... Ne5 14. Qe3 f5 15. exf5 Rxf5 16. Nh4 (16. Rad1 $5 ) 16... Rff8 17. Rad1 Bf6 (17... Rad8 $14) 18. Bf4 $1 $16 Rad8 (18... Rae8 $16 19. Bb5 Rd8) 19. Nf3 $18 Nxf3+ 20. Bxf3 Qd7 21. Bh6 (21. Bg4 $18 Qb5 22. Rfe1) 21... Bg7 $16 22. Bxg7 Kxg7 23. Rfe1 Rde8 24. Qe5+ Rf6 {[%emt 0:00:06] [#]} 25. c4 $1 Qd6 26. Qc3 {[%emt 0:01:25] Re6 is the strong threat.} Bc8 {[%emt 0:01:13] Inhibits Re6.} 27. Re5 Kg8 28. Rde1 Rf7 29. Qa3 (29. Bg4 $18) 29... a6 30. Qb3 Ref8 31. Qe3 ({White should try} 31. R5e3 $14) 31... Bxh3 $1 $11 32. Rxe7 Bd7 33. Re6 Bxe6 $17 34. dxe6 Re7 35. Bd5 b5 36. Re2 bxc4 37. Bxc4 {[%emt 0:00:02] [#]} a5 (37... Rf4 $1 $19 {[%cal Rf4c4] has better winning chances.} 38. Rd2 Rd4 39. Rxd4 Qxd4) 38. g3 (38. Rd2 $17 Qf4 39. Qe2) 38... Qd4 $19 39. Qc1 Kg7 40. Kg2 h6 ({Stronger than} 40... Qf6 41. Qd2) 41. Qc2 Rd8 42. Re4 (42. Bb3 $17 {keeps fighting.}) 42... Qd2 43. Qb3 Rd4 44. Re2 Qb4 45. Rc2 a4 46. Qe3 (46. Qc3) 46... Rxc4 47. Qe5+ Kh7 48. Qf6 Qb7+ {[%emt 0:00:11] Black used his chance.  Weighted Error Value: White=0.50/Black=0.16 (very precise)} 0-1

[Event "5th Sharjah Masters 2022"]
[Site "Sharjah"]
[Date "2022.05.25"]
[Round "5.26"]
[White "Msellek, Ilyass"]
[Black "Nihal Sarin"]
[Result "1/2-1/2"]
[ECO "B12"]
[WhiteElo "2411"]
[BlackElo "2646"]
[Annotator "TA"]
[PlyCount "59"]
[EventDate "2022.05.21"]
[EventType "swiss"]
[EventCountry "UAE"]
[SourceTitle "playchess.com"]
[Source "ChessBase"]
[SourceQuality "1"]
[TimeControl "5400+30"]

1. e4 c6 2. d4 d5 3. e5 c5 4. dxc5 e6 5. a3 Bxc5 6. b4 {[%emt 0:01:52] B12: Caro-Kann: Advance Variation.} Be7 7. Qg4 g6 8. Nf3 {[%emt 0:03:47] The position is equal.} a5 9. b5 ({Reject} 9. Bb5+ Bd7 10. Bxd7+ Nxd7 $15) 9... Nd7 {[%emt 0:00:29] Black wants to play ...f6.} 10. Bb2 h5 11. Qd4 Nh6 12. Bd3 Nc5 13. Nbd2 b6 14. O-O {[%emt 0:01:29] [#]} Bb7 $146 ({Predecessor:} 14... a4 15. c4 Nxd3 16. Qxd3 Bb7 17. Nd4 dxc4 18. Nxc4 Nf5 19. Rfd1 O-O 20. Nxf5 exf5 21. Qe3 Qc7 22. Nxb6 Rad8 23. Rdc1 Bc5 24. Rxc5 Qxb6 25. e6 Qxe6 26. Qh6 {1-0 (26) Nowicki,B (2349)-Rudolf,M (2342) Jastrzebia Gora 2019}) 15. a4 Rc8 16. Qe3 Nf5 17. Qe2 Nxd3 18. cxd3 Rc2 19. Rab1 O-O (19... g5 $11) 20. Ne1 ({Better is} 20. Rfc1 $14 Qc7 21. Nb3) 20... Rc7 21. Nef3 d4 (21... Rc2 $11) 22. Rfc1 Rxc1+ 23. Rxc1 Qd5 24. Rc4 Rc8 25. Rxc8+ Bxc8 26. Nc4 Bd8 (26... Bb7 $1 $11) 27. Qe4 $16 Qd7 {[%emt 0:00:57] White is better.} 28. Qc6 {[%emt 0:01:29] White is more active.} ({Not} 28. Bxd4 $2 Bb7 29. Qf4 Bxf3 30. gxf3 Qxd4 $19) 28... Qxc6 29. bxc6 {[%emt 0:00:05] Hoping for Ba3.} Ba6 30. Nd6 {[%emt 0:10:16] Inhibits b5.  Weighted Error Value: White=0.10 (very precise) /Black=0.15 (very precise)} ({Of course not} 30. Bxd4 Bxc4 31. dxc4 Ne7 $11) 1/2-1/2

[Event "5th Sharjah Masters 2022"]
[Site "Sharjah"]
[Date "2022.05.25"]
[Round "5.27"]
[White "Mastrovasilis, Dimitrios"]
[Black "Davtyan, Artur"]
[Result "1/2-1/2"]
[ECO "C88"]
[WhiteElo "2613"]
[BlackElo "2488"]
[Annotator "TA"]
[PlyCount "49"]
[EventDate "2022.05.21"]
[EventType "swiss"]
[EventCountry "UAE"]
[SourceTitle "playchess.com"]
[Source "ChessBase"]
[SourceQuality "1"]
[TimeControl "5400+30"]

1. e4 e5 2. Nf3 Nc6 3. Bb5 a6 4. Ba4 Nf6 5. O-O Be7 6. Re1 b5 7. Bb3 O-O 8. h3 d5 9. exd5 Nxd5 10. Nxe5 Nxe5 11. Rxe5 Bb7 {[%emt 0:00:23] is the new trend.} 12. d3 (12. Qf3 $1 $16 c6 13. Nc3) 12... Qd6 $11 {[%emt 0:01:14] C88: Closed Ruy Lopez: Anti-Marshall Systems.} 13. Re1 c5 14. Nd2 (14. Qf3 {seems wilder.} Rab8 15. Bxd5 Bxd5 16. Qf5) 14... Rad8 {[%emt 0:11:19][%cal Oc5c4] [#]} 15. Qf3 $146 {[%emt 0:11:51] Hoping for c4.} (15. Qg4 {keeps more tension.} Nf6 16. Qf5 Bc8 17. Qf3) ({Predecessor:} 15. a4 c4 16. dxc4 Nf4 17. Qg4 Nxg2 18. Re4 Nh4 19. axb5 Kh8 20. Rf4 f5 21. Qg3 Rf6 22. c5 Qxc5 23. Rxh4 Rg6 24. Qxg6 {0-1 (24) Patel,A (2449)-Popilski,G (2502) Dallas 2017}) 15... Qc7 16. Bxd5 (16. a4 {looks sharper.} Nf6 17. Qf5 Bd6 18. axb5 axb5 19. Nf3) 16... Rxd5 17. Ne4 f5 $1 18. Bf4 {[%emt 0:07:37] [#]} ({White should play} 18. Ng5 $15) 18... fxe4 ({Better is} 18... Rd6 $1 $17 19. Qg3 (19. Bxd6 Bxd6 20. Qe3 fxe4 $17) 19... fxe4 20. dxe4 {[#]} c4 $1) 19. Bxc7 $14 exf3 20. Rxe7 fxg2 21. Be5 Rf7 22. Re8+ Rf8 23. Re7 Rf7 24. Re8+ Rf8 25. Re7 {[%emt 0:25:11] Weighted Error Value: White=0.21 (precise) /Black=0.20 (precise)} 1/2-1/2

[Event "5th Sharjah Masters 2022"]
[Site "Sharjah"]
[Date "2022.05.25"]
[Round "5.28"]
[White "Moroni, Luca Jr"]
[Black "Ortega Amarelle, Mariano"]
[Result "1-0"]
[ECO "D32"]
[WhiteElo "2581"]
[BlackElo "2476"]
[Annotator "TA"]
[PlyCount "59"]
[EventDate "2022.05.21"]
[EventType "swiss"]
[EventCountry "UAE"]
[SourceTitle "playchess.com"]
[Source "ChessBase"]
[SourceQuality "1"]
[TimeControl "5400+30"]

1. d4 Nf6 2. c4 e6 3. Nf3 d5 4. Nc3 c5 5. cxd5 cxd4 6. Qa4+ Bd7 7. Qxd4 exd5 8. e3 Nc6 9. Qd1 Bg4 10. Be2 Bc5 11. O-O O-O 12. b3 a6 13. Bb2 Re8 14. Rc1 {[%emt 0:01:14] [#] D32: Tarrasch Defence: Sidelines and lines without g3.} Qd6 $146 ({Predecessor:} 14... Ba7 15. h3 Bh5 16. Nd4 Bg6 17. Nxc6 bxc6 18. Na4 Qd6 19. Bd4 Bb8 20. g3 Ne4 21. Qe1 Bf5 22. Bg4 Ng5 {0-1 (47) Martirosyan,H (2632)-Erigaisi,A (2567) Chess.com INT 2021}) 15. h3 Bh5 16. Nd4 {[%emt 0:10:33] White has an edge.} Bxd4 17. Bxh5 Bb6 18. Bf3 Bc7 {[%emt 0:00:46][%csl Gc7][%cal Rd6h2] [#]} 19. g3 Rxe3 20. Bg2 {[%emt 0:04:11] This bishop pair is nice.} Rxg3 {[%emt 0:10:28][%mdl 8192] A mistake that costs the game.} 21. fxg3 $18 Qxg3 {[%emt 0:00:04] [#] aiming for ...Qh2+.} 22. Rxf6 $1 gxf6 23. Nxd5 ({Weaker is} 23. Qg4+ Qxg4 24. hxg4 Be5 25. Bxd5 Rd8 $18) 23... Be5 24. Nxf6+ Kh8 25. Bxe5 ({And not} 25. Qh5 Qh2+ 26. Kf2 Qg3+ 27. Kg1 Qh2+ 28. Kf2 Qf4+ 29. Kg1 Qh2+ $11) 25... Nxe5 26. Qe2 {[%emt 0:01:15] Against Qe3+} Nd3 27. Rf1 Nf4 28. Qg4 Qe3+ (28... Qxg2+ 29. Qxg2 Nxg2 30. Kxg2 Rc8) 29. Kh1 Ne2 30. Bf3 {[%emt 0:01:09] Weighted Error Value: White=0.25 (precise) /Black=0.76} 1-0